 Dungeon Crawl Stone Soup version 0.28-a0-1404-g4df0f3684d (webtiles) character file.

Game seed: 14417610195253390995

243 fragbeetle the Insei (level 5, -3/42 HPs)
             Began as a Draconian Transmuter on Jan 5, 2022.
             Slain by a scorpion (8 damage)
             ... on level 4 of the Dungeon.
             The game lasted 00:07:26 (3338 turns).

fragbeetle the Insei (Draconian Transmuter)         Turns: 3338, Time: 00:07:27

Health: -3/42      AC:  5    Str: 18    XL:     5   Next: 82%
Magic:  7/8        EV: 12    Int: 13    God:
Gold:   113        SH:  0    Dex: 14    Spells: 4/8 levels left

rFire   . . .      SeeInvis .     - Unarmed
rCold   . . .      Faith    .   (no shield)
rNeg    . . .      Spirit   .   (armour unavailable)
rPois   .          Reflect  .   (helmet currently unavailable)
rElec   .          Harm     .   l - scarf {+Inv}
rCorr   +          Rampage  .   (no gloves)
Will    .....                   (boots currently unavailable)
Stlth   +.........              (no amulet)
HPRegen 0.14/turn               e - +6 ring of strength
MPRegen 0.11/turn               j - ring of resist corrosion

@: lethally poisoned (-3 -> -8), appendages
A: horns 2, talons 2, AC +5, unfitting armour, cold-blooded
a: End Transformation, Evoke Invisibility


You were on level 4 of the Dungeon.
You had temporarily grown beastly horns and talons.
You visited 1 branch of the dungeon, and saw 4 of its levels.

You collected 113 gold pieces.

Inventory:

Missiles
 g - 39 stones
Armour
 l - a scarf of invisibility (worn)
Magical Staves
 c - a staff of air
 f - a staff of conjuration
Jewellery
 e - a +6 ring of strength (left hand)
 j - a ring of resist corrosion (right hand)
Wands
 p - a wand of iceblast (8)
Scrolls
 b - 3 scrolls of identify {unknown}
 h - a scroll of immolation {unknown}
 i - 2 scrolls of fear {unknown}
 o - a scroll of brand weapon {unknown}
Potions
 a - a potion of brilliance {unknown}
 d - a potion of lignification {unknown}
 k - 3 potions of degeneration {unknown}
 m - a potion of heal wounds {unknown}
 n - a potion of ambrosia {unknown}


   Skills:
 + Level 2.5 Fighting
 + Level 2.5 Dodging
 * Level 4.4 Unarmed Combat
 - Level 2.0 Spellcasting
 * Level 3.7 Transmutations
 + Level 1.2 Poison Magic


You had 4 spell levels left.
You knew the following spells:

 Your Spells              Type           Power      Damage    Failure   Level
a - Beastly Appendage     Tmut           22%        N/A       5%          1
b - Spider Form           Tmut/Pois      7%         N/A       26%         3

Your spell library contained the following spells:

 Spells                   Type           Power      Damage    Failure   Level
 Wereblood                Tmut           11%        N/A       9%          2
 Pain                     Necr           4%         1d4       26%         1
 Ice Form                 Ice/Tmut       6%         N/A       75%         4
 Agony                    Necr           1%         N/A       100%        5
 Excruciating Wounds      Necr           0%         N/A       100%        5


Dungeon Overview and Level Annotations

Branches:
Dungeon (4/15)
 Temple: D:4-7

Altars:
Dithmenos
Uskayaw


Innate Abilities, Weirdness & Mutations

You have temporarily grown beastly horns and talons.
Your plain brown scales are hard. (AC +5)
You cannot fit into any form of body armour.
You are cold-blooded and may be slowed by cold attacks.


Message History

You start resting.
You feel sick.
You are no longer poisoned.
You start resting.
Your horns disappear.
Your talons disappear.
You start resting.
A scorpion comes into view.
Okay, then.
You start resting.
The scorpion closely misses you.
Cast which spell? (? or * to list)
You grow a pair of large bovine horns.
Your feet morph into talons.
The scorpion stings you.
You hit the scorpion but do no damage. Your headbutt misses the scorpion.
Your tail-slap misses the scorpion.
The scorpion stings you.
You hit the scorpion. Your kick misses the scorpion.
The scorpion is lightly wounded.
The scorpion stings you.
You hit the scorpion.
The scorpion is moderately wounded.
The scorpion stings you.
* * * LOW HITPOINT WARNING * * *
You are lethally poisoned!
The scorpion poisons you!
You hit the scorpion.
The scorpion is moderately wounded.
* * * LOW HITPOINT WARNING * * *
You feel very sick. The scorpion barely misses you.
You barely miss the scorpion. Your kick misses the scorpion.
Your headbutt misses the scorpion.
You tail-slap the scorpion, but do no damage.
The scorpion is moderately wounded.
* * * LOW HITPOINT WARNING * * *
You feel sick.
The scorpion stings you but does no damage.
You hit the scorpion.
The scorpion is heavily wounded.
* * * LOW HITPOINT WARNING * * *
You feel sick. The scorpion stings you!
You die...

##.# ..# #.# # #.## ##
#..## ... ####..)######
. .... #.).........#..
..... ###.............#
......#.s...♣♣♣...s.###
.......@#..♣..♣.....#
......###...♣.♣.....#
..... #....♣....###
.... #.........# ...
.............# ##
###.....###### #######


You could see a scorpion.

Vanquished Creatures
  A scorpion (D:4)
  A centaur zombie (D:4)
  A bullfrog skeleton (D:4)
  Ijyb (D:3)
  2 adders (D:2)
  3 worms (D:2)
  2 dart slugs (D:1)
  2 orcs (D:3)
  3 ball pythons
  5 endoplasms
  2 giant cockroaches (D:2)
  6 goblins
  9 hobgoblins
  3 jackals (D:2)
  4 quokkas
  7 bats
  A frilled lizard (D:1)
  5 kobolds
  15 rats
73 creatures vanquished.

Notes
Turn   | Place    | Note
-------+----------+-------------------------------------------
     0 | D:1      | fragbeetle the Draconian Transmuter began the quest for the
                  | Orb.
     0 | D:1      | Reached XP level 1. HP: 16/16 MP: 3/3
    75 | D:1      | Reached XP level 2. HP: 23/23 MP: 3/5
   940 | D:1      | Reached XP level 3. HP: 29/29 MP: 4/6
  1442 | D:2      | Reached XP level 4. HP: 36/36 MP: 5/7
  1491 | D:2      | Learned a level 3 spell: Spider Form
  1787 | D:2      | Found a faded altar of an unknown god.
  2196 | D:3      | Found a shadowy altar of Dithmenos.
  2363 | D:3      | Noticed Ijyb
  2369 | D:3      | Killed Ijyb
  2370 | D:3      | Reached skill level 4 in Unarmed Combat
  2552 | D:3      | Found a hide-covered altar of Uskayaw.
  3109 | D:4      | Reached XP level 5. HP: 29/41 MP: 8/8
  3214 | D:4      | Reached skill level 1 in Poison Magic
  3338 | D:4      | Slain by a scorpion

Illustrated notes

Levels and vault maps discovered:
D:1:      onia_arrival_handbag, layout_loops_ring, corexii_corridor_pit
D:2:      layout_basic, hellmonk_ecumenical_altar_dog_temple
D:3:      layout_basic, grunt_dithmenos_smoke_and_mirrors,
          mainiacjoe_overflow_surrounded_room, uniq_ijyb
D:4:      layout_rooms, chequers_garden, corner_web_ring, uniq_pikel

Skill      XL: |  1  2  3  4  5 |
---------------+----------------+-----
Dodging        | 2 |  2.5
Fighting       | 2 |  2.5
Transmutations | 3 |  3.7
Unarmed Combat | 4 |  4.4
Poison Magic   | 1 |  1.2
Spellcasting   | |  2.0

Action                   |  1- 3 |  4- 6 || total
-------------------------+-------+-------++-------
Melee: Unarmed           |    87 |    75 ||   162
       Kick              |    21 |    23 ||    44
       Headbutt          |    17 |     8 ||    25
       Tailslap          |     7 |     8 ||    15
       Punch             |     1 |     1 ||     2
 Cast: Beastly Appendage |    27 |    22 ||    49
Evoke: Wand              |       |     2 ||     2
Armor: Skin              |    27 |    18 ||    45
Dodge: Dodged            |    46 |    40 ||    86

Table legend: (Time is in decaauts)
 A = Elapsed time spent in this place.
 B = Non-inter-level travel time spent in this place.
 C = Inter-level travel time spent in this place.
 D = Time resting spent in this place.
 E = Time spent auto-exploring this place.
 F = Levels seen in this place.
 G = Mean time per level.
                   A        B        C        D        E       F      G
               +--------+--------+--------+--------+--------+-----+--------+
         Total |   3325 |   3166 |    159 |    301 |   2204 |   4 |  831.2 |
       Dungeon |   3325 |   3166 |    159 |    301 |   2204 |   4 |  831.2 |
               +--------+--------+--------+--------+--------+-----+--------+

Top non-repeatable levels by time:
     D:2: 1132 daAuts
     D:1: 972 daAuts
     D:3: 950 daAuts
     D:4: 269 daAuts
